 Dungeon Crawl Stone Soup version 0.27-a0-1193-g8631133539 (webtiles) character file.

Game seed: 9458502858443657157

114 bande the Covered (level 4, 0/29 HPs)
             Began as a Gargoyle Fighter on May 26, 2021.
             Slain by Sigmund
             ... wielding a +0 scythe
              (6 damage)
             ... on level 2 of the Dungeon.
             The game lasted 00:02:48 (1886 turns).

bande the Covered (Gargoyle Fighter)                Turns: 1886, Time: 00:02:49

Health: 0/29       AC: 14    Str: 20    XL:     4   Next: 97%
Magic:  4/4        EV:  5    Int:  8    God:
Gold:   71         SH:  9    Dex: 10    Spells: 3/3 levels left

rFire    . . .     SeeInvis .   a - +0 war axe
rCold    . . .     Faith    .   c - +0 kite shield
rNeg     + . .     Spirit   .   f - +0 chain mail
rPois    ∞         Reflect  .   b - +0 helmet
rElec    +         Harm     .   (no cloak)
rCorr    .         Rampage  .   (no gloves)
Will     .....                  (no boots)
Stlth    ..........             (no amulet)
HPRegen  0.09/turn              (no ring)
MPRegen  0.09/turn              (no ring)

@: mighty
A: sickness immunity, AC +3, negative energy resistance 1, electricity
resistance, torment resistance 1, petrification resistance
a: no special abilities


You were on level 2 of the Dungeon.
You visited 1 branch of the dungeon, and saw 2 of its levels.

You collected 71 gold pieces.

Inventory:

Hand Weapons
 a - a +0 war axe (weapon)
Armour
 b - a +0 helmet (worn)
 c - a +0 kite shield (worn)
 f - a +0 chain mail (worn)
Scrolls
 e - a scroll of holy word {unknown}
 g - a scroll of enchant armour {unknown}
 h - a scroll of fear {unknown}


   Skills:
 + Level 3.6 Fighting
 + Level 2.9 Axes
 + Level 4.2 Armour
 + Level 0.4 Dodging
 + Level 4.0 Shields


You had 3 spell levels left.
You didn't know any spells.
Your spell library contained the following spells:

 Spells                   Type           Power      Damage    Failure   Level
 Magic Dart               Conj           0%         1d3       100%        1
 Blink                    Tloc           N/A        N/A       100%        2
 Call Imp                 Summ           0%         N/A       100%        2
 Slow                     Hex            0%         N/A       100%        2
 Conjure Flame            Conj/Fire      0%         6-21      100%        3
 Mephitic Cloud           Conj/Pois/Air  0%         N/A       100%        3


Dungeon Overview and Level Annotations

Branches:
Dungeon (2/15)

Altars:

Annotations:
D:2 Sigmund


Innate Abilities, Weirdness & Mutations

You are immune to sickness and miasma.
Your stone body is resilient. (AC +3)
You are immune to poison.
You resist negative energy. (rN+)
You are resistant to electric shocks. (rElec)
You are resistant to unholy torment.
You are immune to petrification.


Message History

You kill the scorpion!
Your Shields skill increases to level 4!
No target in view!
No target in view!
No target in view!
No target in view!
No target in view!
There is an open door here.
You open the door.
There is an open door here.
Found a robe.
As you open the door, it creaks loudly!
Found 19 stones.
Sigmund the Dreaded comes into view.
He is wielding a +0 scythe.
Sigmund shouts!
You feel very mighty all of a sudden.
Sigmund hits you from afar with a +0 scythe!
You block Sigmund's attack.
You hit Sigmund.
Sigmund is moderately wounded.
You block Sigmund's attack. Sigmund hits you with a +0 scythe.
You closely miss Sigmund.
Sigmund is moderately wounded.
You block Sigmund's attack.
You hit Sigmund.
Sigmund is heavily wounded.
You block Sigmund's attack. Sigmund hits you with a +0 scythe!
* * * LOW HITPOINT WARNING * * *
You closely miss Sigmund.
Sigmund is heavily wounded.
Sigmund hits you but does no damage. You block Sigmund's attack.
You hit Sigmund.
Sigmund is severely wounded.
Sigmund points at you and mumbles some strange words.
The magic dart hits you.
* * * LOW HITPOINT WARNING * * *
You closely miss Sigmund.
Sigmund is severely wounded.
Sigmund hits you with a +0 scythe.
You die...

..#.##.##...#####....#
#.#.##.##...# ....#
#.#.##.##...## ....#
#.#.##.......# ....#
#...##.......# ....#
#...##.......# ....#
#...##..)....# ##....###
#...##.......# #.@.(....
.............# #@##.....
###.##...^.(.# #.# .@.
.............# #.# .
.##..#.......###.#
.###.#.........#.# .#
#.............#.# # .#
#........#.###.# .###
#####..............###....
...# #......##.###......#


You could see Sigmund.

Vanquished Creatures
  A scorpion (D:2)
  Robin (D:2)
  2 dart slugs (D:1)
  3 bats
  2 endoplasms (D:1)
  2 giant cockroaches
  11 goblins
  8 hobgoblins
  2 jackals (D:1)
  3 ball pythons (D:1)
  2 frilled lizards (D:1)
  A kobold (D:1)
  2 rats (D:1)
40 creatures vanquished.

Notes
Turn   | Place    | Note
-------+----------+-------------------------------------------
     0 | D:1      | bande the Gargoyle Fighter began the quest for the Orb.
     0 | D:1      | Reached XP level 1. HP: 14/14 MP: 1/1
   268 | D:1      | Reached XP level 2. HP: 19/19 MP: 2/2
   846 | D:1      | Reached XP level 3. HP: 23/23 MP: 3/3
  1281 | D:2      | Noticed Robin
  1302 | D:2      | Killed Robin
  1308 | D:2      | Reached XP level 4. HP: 6/28 MP: 4/4
  1763 | D:2      | Noticed a scorpion
  1772 | D:2      | Killed a scorpion
  1873 | D:2      | Noticed Sigmund
  1886 | D:2      | Slain by Sigmund

Illustrated notes

Levels and vault maps discovered:
D:1:      wheals_arrival_shading, layout_loops_corners
D:2:      layout_basic, uniq_robin, uniq_sigmund, uniq_jessica

Skill      XL: |  1  2  3  4 |
---------------+-------------+-----
Axes           | 2 |  2.9
Armour         | 4 |  4.2
Shields        | 4 |  4.0
Fighting       | |  3.6
Dodging        | |  0.4

Action                   |  1- 3 |  4- 6 || total
-------------------------+-------+-------++-------
Melee: War axe           |   130 |    20 ||   150
  Use: Potion            |       |     1 ||     1
Armor: Scale mail        |    29 |       ||    29
       Chain mail        |    61 |    11 ||    72
Dodge: Dodged            |    40 |     3 ||    43
Block: Kite shield       |    94 |    13 ||   107

Table legend: (Time is in decaauts)
 A = Elapsed time spent in this place.
 B = Non-inter-level travel time spent in this place.
 C = Inter-level travel time spent in this place.
 D = Time resting spent in this place.
 E = Time spent auto-exploring this place.
 F = Levels seen in this place.
 G = Mean time per level.
                   A        B        C        D        E       F      G
               +--------+--------+--------+--------+--------+-----+--------+
         Total |   1982 |   1982 |      0 |    248 |   1356 |   2 |  991.0 |
       Dungeon |   1982 |   1982 |      0 |    248 |   1356 |   2 |  991.0 |
               +--------+--------+--------+--------+--------+-----+--------+

Top non-repeatable levels by time:
     D:1: 1275 daAuts
     D:2: 707 daAuts
